 Dungeon Crawl Stone Soup version 0.15.0-12-gccce430 (webtiles) character file.

149 HungrySpirit the Chopper (level 5, -2/41 HPs)
             Began as a Formicid Fighter on Aug 31, 2014.
             Slain by a gnoll
             ... wielding a +0 halberd
              (10 damage)
             ... on Level 3 of the Dungeon.
             The game lasted 00:06:00 (2648 turns).

HungrySpirit the Chopper (Formicid Fighter)         Turns: 2648, Time: 00:06:00

HP  -2/41        AC  8     Str 21      XL: 5   Next: 57%
MP   7/7         EV  7     Int  8      God:
Gold 94          SH  9     Dex 10      Spells:  0 memorised,  4 levels left

rFire  . . .     SeeInvis +     a - +1 war axe
rCold  . . .     Clarity  .     b - +0 scale mail
rNeg   + . .     rCorr    .     c - +0 shield
rPois  .         rRot     .     (helmet unavailable)
rElec  .         Spirit   .     l - +0 cloak
SustAb .         Warding  .     (no gloves)
rMut   .         Stasis   +     (no boots)
Gourm  .                        j - amulet of faith
MR     .....                    k - ring of positive energy
                                (no ring)

@: not resistant to hostile enchantments, extremely unstealthy
A: permanent stasis, dig shafts and tunnels, four strong arms, antennae 3
a: Dig, Shaft Self


You were on level 3 of the Dungeon.
You were very hungry.

You visited 1 branch of the dungeon, and saw 3 of its levels.
You also visited: Sewer.

You collected 94 gold pieces.

Inventory:

Hand weapons
 a - a +1 war axe (weapon)
Armour
 b - a +0 scale mail (worn)
 c - a +0 shield (worn)
 l - a +0 cloak (worn)
Magical devices
 p - a wand of random effects (7)
Comestibles
 d - 3 bread rations
Scrolls
 f - a scroll of teleportation
 h - a scroll of recharging
 i - a scroll of magic mapping
 m - a scroll of random uselessness {unknown}
 s - a scroll of amnesia
 t - a scroll of fog
 v - a scroll of fear {unknown}
Jewellery
 j - an amulet of faith (around neck)
 k - a ring of positive energy (right hand)
Potions
 e - 4 potions of might
 g - a potion of resistance {unknown}
 n - a potion of restore abilities {unknown}
 o - 2 potions of haste
 q - a potion of poison {unknown}
 r - 3 potions of heal wounds {unknown}
 u - 2 potions of brilliance {unknown}


   Skills:
 - Level 3.2 Fighting
 + Level 5.3 Axes
 - Level 3.2 Armour
 - Level 3.6 Shields


You had 4 spell levels left.
You didn't know any spells.

Dungeon Overview and Level Annotations

Branches:
Dungeon (3/15)

Altars:
Xom


Innate Abilities, Weirdness & Mutations

Your are under a permanent stasis effect.
You can dig through walls and to a lower floor.
Your four strong arms can wield two-handed weapons with a shield.
You have a pair of large antennae on your head (SInv).


Message History

The gnoll barely misses you. The gnoll hits you with a club.
You closely miss the gnoll.
The gnoll is severely wounded.
You block the gnoll's attack. x2
You hit the gnoll.
You kill the gnoll!
The gnoll hits you from afar with a halberd!
The gnoll hits you from afar with a halberd!
You block the gnoll's attack.
You see here a club.
You barely miss the gnoll.
The gnoll is heavily wounded.
The gnoll hits you from afar with a halberd.
* * * LOW HITPOINT WARNING * * *
The gnoll barely misses you.
You are too injured to fight recklessly!
You are too injured to fight recklessly!
You are too injured to fight recklessly!
The gnoll hits you from afar with a halberd!
You die...

,,,,,,,,,*
#...........# #..
,,,,,,,,,*
***#.#******* #.#
***,****** #.# *,*
*,* #.# *,* *,*
#l# *,* *,* #g#
*,* *,* #g# ***
*** #)#
#@################
#.................
#.################
#.# #.# #.# ###


You could see 2 gnolls and a giant newt.

Vanquished Creatures
  Ijyb (D:2)
  Terence (D:2)
  A gnoll (D:3)
  3 adders
  A giant mite (D:3)
  A worm (D:3)
  2 giant geckos
  3 giant cockroaches
  3 goblins
  4 hobgoblins
  10 jackals
  17 kobolds
  8 ball pythons
  3 bats
  5 giant newts
  7 rats
  A butterfly (D:2)
  2 plants (Sewer)
73 creatures vanquished.

Vanquished Creatures (others)
  A plant (Sewer)
1 creature vanquished.

Grand Total: 74 creatures vanquished

Notes
Turn   | Place    | Note
--------------------------------------------------------------
     0 | D:1      | HungrySpirit, the Formicid Fighter, began the quest for the Orb.
     0 | D:1      | Reached XP level 1. HP: 18/18 MP: 1/1
    88 | D:1      | Reached XP level 2. HP: 13/24 MP: 3/3
   869 | D:2      | Reached XP level 3. HP: 29/29 MP: 4/4
   880 | D:2      | Noticed Terence
   893 | D:2      | Killed Terence
  1011 | D:2      | Found a shimmering altar of Xom.
  1199 | D:2      | Reached skill level 4 in Axes
  1199 | D:2      | Reached XP level 4. HP: 33/35 MP: 5/5
  1525 | D:2      | Noticed Ijyb
  1538 | D:2      | Killed Ijyb
  1846 | D:3      | Reached XP level 5. HP: 38/41 MP: 7/7
  1856 | D:3      | Found a glowing drain.
  1883 | Sewer    | Entered a sewer
  1964 | Sewer    | Reached skill level 5 in Axes
  2648 | D:3      | Slain by a gnoll

Action                   |  1- 3 |  4- 6 || total
-------------------------+-------+-------++-------
Melee: War axe           |    90 |   208 ||   298
Evoke: Wand              |     1 |       ||     1
  Use: Scroll            |     7 |     2 ||     9
  Eat: Chunk             |     1 |     4 ||     5
